 Dungeon Crawl Stone Soup version 0.25-a0-277-g7046ed1b37 (webtiles) character file.

Game seed: 14435617804395033361, levelgen mode: deterministic

2311 floatRand the Disciple of Destruction (level 9, -2/70 HPs)
             Began as a Demonspawn Gladiator on Dec 10, 2019.
             Was a Follower of Makhleb.
             Slain by Menkaure (14 damage)
             ... on level 7 of the Dungeon.
             The game lasted 00:09:02 (8074 turns).

floatRand the Disciple of Destruction (DsGl)        Turns: 8074, Time: 00:09:02

Health: -2/70      AC: 17    Str: 16    XL:     9   Next: 18%
Magic:  14/14      EV: 10    Int:  9    God:    Makhleb [*.....]
Gold:   208        SH:  4    Dex: 22    Spells: 8/8 levels left

rFire    . . .     SeeInvis .   a - +0 war axe
rCold    + . .     Gourm    .   y - +0 buckler
rNeg     . . .     Faith    .   p - +0 plate armour
rPois    +         Spirit   .   c - +0 helmet
rElec    .         Reflect  .   (no cloak)
rCorr    .         Harm     .   j - +1 pair of gloves
MR       .....                  (no boots)
Stlth    ..........             G - amulet of regeneration
HPRegen  0.21/turn              h - ring of poison resistance
MPRegen  0.14/turn              u - ring of protection from cold

@: agile
A: hooves 2, slimy green scales 1, demonic guardian 1
a: Renounce Religion


You were on level 7 of the Dungeon.
You worshipped Makhleb.
Makhleb was aware of your devotion.
You were near starving.

You visited 2 branches of the dungeon, and saw 8 of its levels.

You collected 466 gold pieces.
You spent 258 gold pieces at shops.

Inventory:

Hand Weapons
 a - a +0 war axe (weapon)
 o - a +1 short sword of venom
Missiles
 d - 2 throwing nets (quivered)
 r - 19 poisoned darts
Armour
 b - a +0 leather armour
 c - a +0 helmet (worn)
 j - a +1 pair of gloves (worn)
 p - a +0 plate armour (worn)
 y - a +0 buckler (worn)
Jewellery
 h - a ring of poison resistance (left hand)
 u - a ring of protection from cold (right hand)
 G - an amulet of regeneration (around neck)
Wands
 v - a wand of iceblast (5)
Scrolls
 e - 4 scrolls of remove curse
 k - 2 scrolls of identify
 l - 2 scrolls of amnesia
 s - 2 scrolls of fog
 z - 7 scrolls of teleportation
 D - 2 scrolls of magic mapping
 E - a scroll of blinking
 F - a scroll of enchant weapon
Potions
 g - 2 potions of mutation
 i - a potion of haste
 m - 2 potions of curing
 n - 3 potions of brilliance
 q - a potion of degeneration
 t - 2 potions of heal wounds
 w - a potion of resistance
 x - a potion of invisibility
 B - a potion of cancellation
Comestibles
 f - 8 rations


   Skills:
 + Level 6.3 Fighting
 + Level 6.7 Axes
 - Level 1.7 Throwing
 + Level 5.3 Armour
 - Level 2.6 Dodging
 * Level 7.2 Invocations


You had 8 spell levels left.
You didn't know any spells.
Your spell library was empty.

Dungeon Overview and Level Annotations

Branches:
Dungeon (7/15)             Temple (1/1) D:4

Altars:
Ashenzari
Cheibriados
Dithmenos
Elyvilon
Fedhas
Gozag
Hepliaklqana
Kikubaaqudgha
Makhleb
Nemelex Xobeh
Qazlal
Ru
Sif Muna
Trog
Uskayaw
Vehumet
Wu Jian
Yredelemnul
Zin
The Shining One

Shops:
D:4 ?   D:7 *

Annotations:
D:7 Menkaure


Innate Abilities, Weirdness & Mutations

You have hoof-like feet.
You are partially covered in slimy green scales. (AC +2)
A weak demonic guardian rushes to your aid.


Message History

You feel agile all of a sudden.
Menkaure hits your quasit but does no damage.
Your quasit barely misses Menkaure.
Your quasit claws Menkaure but does no damage. x2
Menkaure closely misses your quasit.
You swap places.
Menkaure casts a spell at you. Pain shoots through your body!
* * * LOW HITPOINT WARNING * * *
You hit Menkaure. You kick Menkaure, but do no damage.
Menkaure is lightly damaged.
You block Menkaure's attack.
Your white imp completely misses Menkaure.
You hit Menkaure. You kick Menkaure, but do no damage.
Menkaure is moderately damaged.
Menkaure's bandages flutter.
Menkaure hits you but does no damage.
Your white imp gestures at Menkaure.
The puff of frost hits Menkaure.
Menkaure resists.
Menkaure hits you!
You die...

## #.# #.# ### #.#
#.###.# ## #
#.#.#.#######.####
#.#.#.#.##..........
#####.#5#...##....#.....
......#@#.#.##....#.....
.......M#.#.........##.#
.......5....##....#.....
#####.#.#.#.##....#.##.#
#.#.#.........#.##.#
#.#................. #
#..##########..... ...#
##_## #.###. ##.###8...8
#......


You could see Menkaure, a friendly quasit and a friendly white imp.

Vanquished Creatures
  3 ice beasts
  4 orc warriors (D:6)
  2 phantoms (D:6)
  2 centaurs (D:6)
  An ogre (D:6)
  A big kobold (D:7)
  A bullfrog (D:6)
  3 scorpions
  3 killer bees (D:7)
  A crimson imp (D:5)
  A hound (D:4)
  2 jellies
  2 orc wizards
  A centaur skeleton (D:4)
  An orc priest (D:6)
  A bullfrog skeleton (D:6)
  2 iguanas
  5 worker ants
  A hound zombie (D:6)
  Robin (D:4)
  4 gnolls (D:6)
  13 adders
  2 shadow imps
  2 oozes
  7 worms
  4 dart slugs
  2 leopard geckos
  17 orcs
  3 ball pythons
  9 bats
  9 giant cockroaches
  14 goblins
  10 hobgoblins
  2 jackals (D:6)
  2 quokkas
  4 frilled lizards
  11 kobolds
  3 rats
  A rat zombie (D:3)
157 creatures vanquished.

Vanquished Creatures (collateral kills)
  A black bear (D:7)
  A hound (D:7)
  A giant cockroach (D:7)
3 creatures vanquished.

Vanquished Creatures (others)
  A hobgoblin (D:3)
1 creature vanquished.

Grand Total: 161 creatures vanquished

Notes
Turn   | Place    | Note
-------+----------+-------------------------------------------
     0 | D:1      | floatRand the Demonspawn Gladiator began the quest for the
                  | Orb.
     0 | D:1      | Reached XP level 1. HP: 16/16 MP: 1/1
   349 | D:1      | Gained mutation: You have large cloven feet. [demonic
                  | ancestry]
   349 | D:1      | Reached XP level 2. HP: 6/22 MP: 2/2
   961 | D:2      | Reached XP level 3. HP: 25/27 MP: 3/3
  1134 | D:2      | Reached skill level 1 in Armour
  1136 | D:2      | Reached XP level 4. HP: 29/34 MP: 4/4
  2395 | D:3      | Found a radiant altar of Vehumet.
  2449 | D:3      | Reached XP level 5. HP: 39/41 MP: 5/5
  3144 | D:3      | Found an ancient bone altar of Kikubaaqudgha.
  3483 | D:4      | Reached XP level 6. HP: 46/47 MP: 6/6
  3521 | D:4      | Noticed an ice beast
  3537 | D:4      | Killed an ice beast
  3558 | D:4      | Noticed Robin
  3596 | D:4      | Reached skill level 5 in Axes
  3622 | D:4      | Killed Robin
  3799 | D:4      | Found a staircase to the Ecumenical Temple.
  3808 | Temple   | Entered the Ecumenical Temple
  3947 | D:4      | Found Hoetixt's Magic Scroll Shoppe.
  3954 | D:4      | Bought a scroll of teleportation for 36 gold pieces
  3954 | D:4      | Bought a scroll of magic mapping for 42 gold pieces
  3954 | D:4      | Bought a scroll of blinking for 90 gold pieces
  3954 | D:4      | Bought a scroll of enchant weapon for 90 gold pieces
  4048 | D:4      | Gained mutation: You have hoof-like feet. [demonic
                  | ancestry]
  4048 | D:4      | Reached XP level 7. HP: 44/55 MP: 7/7
  4215 | D:5      | Entered Level 5 of the Dungeon
  4245 | D:5      | Found a shattered altar of Ashenzari.
  4265 | D:5      | Found a sparkling altar of Nemelex Xobeh.
  4614 | Temple   | Became a worshipper of Makhleb the Destroyer
  5956 | D:6      | Reached skill level 5 in Fighting
  5956 | D:6      | Reached skill level 1 in Invocations
  5969 | D:6      | Reached skill level 2 in Invocations
  6343 | D:6      | Reached skill level 3 in Invocations
  6343 | D:6      | Gained mutation: You are partially covered in slimy green
                  | scales. (AC +2) [demonic ancestry]
  6343 | D:6      | Reached XP level 8. HP: 39/62 MP: 8/10
  6443 | D:6      | Found a stormy altar of Qazlal.
  6481 | D:6      | Reached skill level 4 in Invocations
  6622 | D:6      | Reached skill level 5 in Invocations
  6993 | D:6      | Reached * piety under Makhleb
  7015 | D:6      | Reached skill level 5 in Armour
  7015 | D:6      | Reached skill level 6 in Invocations
  7029 | D:6      | Found a basalt altar of Yredelemnul.
  7428 | D:7      | Found an opulent altar of Gozag.
  7556 | D:7      | Found Gozag's Platinum Reserve.
  7574 | D:7      | Gained mutation: A weak demonic guardian rushes to your
                  | aid. [demonic ancestry]
  7574 | D:7      | Reached XP level 9. HP: 38/69 MP: 13/13
  8033 | D:7      | Found a glowing silver altar of Zin.
  8053 | D:7      | Reached skill level 7 in Invocations
  8054 | D:7      | Noticed Menkaure
  8074 | D:7      | Slain by Menkaure

Levels and vault maps discovered:
D:1:      dpeg_arrival_shelter, layout_rooms
D:2:      kb_forest_paths, layout_rooms, first_ration, minmay_misc_feat_plants,
          minmay_tree_intersection
D:3:      layout_basic, fiery_altar_vehumet, lemuel_zombie_altar_kikubaaqudgha
D:4:      layout_basic, temple_hall, serial_shops, shop, minmay_splitting_lines,
          uniq_robin
D:5:      layout_layer_cave, nemelex_xobeh_ov_fountains_minmay,
          lemuel_round_altar
D:6:      layout_loops_cross, kennysheep_mini_moat,
          nicolae_qazlal_eye_of_the_storm, st_stairs_8,
          kennysheep_cluttered_room
D:7:      layout_basic, nicolae_overflow_hidden_temple,
          nicolae_gozag_zags_fifth_avenue, serial_shops, shop_statue,
          chequers_serial_rivers_small_b, uniq_harold, uniq_menkaure
Temple:   nicolae_temple_x_marks_the_god

Skill      XL: |  1  2  3  4  5  6  7  8  9 |
---------------+----------------------------+-----
Axes           | 3 4 5 6 |  6.7
Armour         | 1 2 3 4 5 |  5.3
Fighting       | 3 4 5 6 |  6.3
Invocations    | 3 6 7 |  7.2
Throwing       | |  1.7
Dodging        | |  2.6

Action                   |  1- 3 |  4- 6 |  7- 9 || total
-------------------------+-------+-------+-------++-------
Melee: War axe           |    78 |    27 |    38 ||   143
       Kick              |    13 |    57 |   113 ||   183
       Short sword       |       |   165 |   239 ||   404
Throw: Throwing net      |     1 |       |       ||     1
  Use: Potion            |     6 |       |     1 ||     7
       Scroll            |       |     9 |    11 ||    20
 Stab: Sleeping          |       |     1 |       ||     1
       Distracted        |       |       |     2 ||     2
  Eat: Chunk             |     1 |     9 |     8 ||    18
       Ration            |       |       |     1 ||     1
Armor: Leather armour    |    17 |    12 |       ||    29
       Plate armour      |       |   123 |   207 ||   330
Dodge: Dodged            |    62 |    58 |    79 ||   199
Block: Buckler           |       |    13 |    57 ||    70

Table legend:
 A = Non-vault XP
 B = Vault XP
 C = Vault XP percentage of total XP
 D = Non-vault monster count
 E = Vault monster count
 F = Vault count percentage of total count
                 A         B        C        D         E       F
            +---------+---------+-------+---------+---------+-------
      Total |    3033 |     269 |   8.1 |     139 |      21 |  13.1
            +---------+---------+-------+---------+---------+-------
        D:1 |      32 |       0 |   0.0 |      14 |       0 |   0.0
        D:2 |      94 |      31 |  24.8 |      26 |       6 |  18.8
        D:3 |      81 |       1 |   1.2 |      22 |       1 |   4.3
        D:4 |     602 |      37 |   5.8 |      18 |      12 |  40.0
        D:5 |     206 |       0 |   0.0 |       5 |       0 |   0.0
        D:6 |    1477 |     200 |  11.9 |      35 |       2 |   5.4
        D:7 |     541 |       0 |   0.0 |      19 |       0 |   0.0
            +---------+---------+-------+---------+---------+-------
